 Dungeon Crawl Stone Soup version 0.31.0-32-g396128a36d (webtiles) character file.

Game seed: 565329171302654257

19840 unlimited1921 the Cleaver (level 12, -3/97 HPs)
             Began as a Gnoll Cinder Acolyte on Mar 30, 2024.
             Was a High Priest of Ignis.
             Slain by a skeletal warrior
             ... wielding a +0 halberd
              (13 damage)
             ... on level 12 of the Dungeon on Mar 31, 2024.
             The game lasted 01:56:03 (28918 turns).

unlimited1921 the Cleaver (Gnoll Cinder Acolyte)   Turns: 28918, Time: 01:56:04

Health: -3/97      AC: 20    Str: 19    XL:     12   Next: 73%
Magic:  8/24       EV: 12    Int: 16    God:    Ignis [*****.]
Gold:   776        SH:  5    Dex:  6    Spells: 1/27 levels left

rFire   + + .        k - +3 spear "Beetle's Death Toll" {flame, Will+ Str+5}
rCold   . . .        (no shield)
rNeg    . . .        J - +3 ring mail {rF+}
rPois   .            l - +0 helmet
rElec   .            (no cloak)
rCorr   .            E - +0 pair of gloves
SInv    +            m - +0 pair of boots
Will    +....        B - amulet of reflection
Stlth   ++           Y - ring of see invisible
HPRegen 0.36/turn    (no ring)
MPRegen 0.19/turn

%: reflection
@: freezing walls, fiery-armoured, very slow
A: fangs 1, strong nose, distributed training, clumsy 2
a: Renounce Religion, Fiery Armour, Foxfire Swarm, Rising Flame


You were on level 12 of the Dungeon.
You worshipped Ignis.
Ignis was extremely pleased with you.
You visited 1 branch of the dungeon, and saw 12 of its levels.

You collected 1012 gold pieces.
You spent 236 gold pieces at shops.

Inventory:

Hand Weapons
 a - a +2 heavy war axe
 k - the +3 spear "Beetle's Death Toll" (weapon) {flame, Will+ Str+5}
   (You found it on level 2 of the Dungeon)

   Str+5:     It affects your strength (+5).
   Will+:     It increases your willpower.
 n - a +2 trident of freezing
 t - a +0 mace of protection
 A - a +2 scythe of freezing
 I - a +0 flail of holy wrath
 V - a +4 shortbow of draining
Missiles
 h - 58 poisoned darts
 j - 2 throwing nets
 z - a curare-tipped dart
 K - 7 boomerangs
Armour
 i - +0 acid dragon scales
 l - a +0 helmet (worn)
 m - a +0 pair of boots (worn)
 o - a +2 robe of positive energy
 E - a +0 pair of gloves (worn)
 G - a +1 hat
 J - a +3 ring mail of fire resistance (worn)
 Q - a +2 robe of fire resistance
 T - a +0 tower shield
 W - the +5 chain mail "Rulashatey" {rN+}
   (You found it on level 7 of the Dungeon)

   rN+:       It protects you from negative energy.
Magical Staves
 D - a staff of earth
 X - a staff of air
Jewellery
 B - an amulet of reflection (around neck)
 Y - a ring of see invisible (left hand)
Wands
 x - a wand of acid (16)
 F - a wand of charming (4)
 L - a wand of roots (7)
Scrolls
 c - 6 scrolls of teleportation
 e - 2 scrolls of revelation
 p - a scroll of amnesia
 q - a scroll of brand weapon
 v - a scroll of enchant armour {unknown}
 y - a scroll of immolation
 M - 3 scrolls of enchant weapon
 U - a scroll of blinking {unknown}
Potions
 b - 2 potions of berserk rage
 d - a potion of degeneration
 f - 2 potions of cancellation
 g - 3 potions of enlightenment
 r - 2 potions of mutation
 s - 2 potions of resistance {unknown}
 u - 2 potions of heal wounds {unknown}
 w - a potion of brilliance {unknown}
 H - 2 potions of attraction {unknown}
 N - a potion of curing
 R - a potion of might {unknown}
 S - a potion of invisibility {unknown}
Miscellaneous
 O - a phial of floods (inert) (quivered)


   Skills:
 + Level 10.3 Fighting
 + Level 7.8 Short Blades
 + Level 7.8 Long Blades
 + Level 10.3 Axes
 + Level 7.8 Maces & Flails
 + Level 7.8 Polearms
 + Level 7.8 Staves
 + Level 7.8 Ranged Weapons
 + Level 7.8 Throwing
 + Level 7.8 Armour
 + Level 7.8 Dodging
 + Level 7.8 Stealth
 + Level 7.8 Shields
 + Level 7.8 Unarmed Combat
 + Level 8.4 Spellcasting
 + Level 6.5 Conjurations
 + Level 6.5 Hexes
 + Level 6.5 Summonings
 + Level 6.5 Necromancy
 + Level 6.5 Translocations
 + Level 8.6 Fire Magic
 + Level 6.5 Ice Magic
 + Level 6.5 Air Magic
 + Level 6.5 Earth Magic
 + Level 6.5 Alchemy
 + Level 8.6 Invocations
 + Level 7.8 Evocations
 + Level 7.1 Shapeshifting


You had one spell level left.
You knew the following spells:

 Your Spells              Type           Power      Damage    Failure   Level
a - Scorch                Fire           68%        2d7       1%          2
b - Foxfire               Conj/Fire      100%       2x1d9     1%          1
c - Ignite Poison         Fire/Alch      31%        N/A       8%          4
d - Frozen Ramparts       Ice            54%        1d9       3%          3
e - Summon Ice Beast      Ice/Summ       27%        N/A       3%          3
f - Hailstorm             Conj/Ice       27%        3d8       3%          3
g - Olgreb's Toxic Radia  Alch           27%        N/A       12%         4
h - Petrify               Alch/Erth      27%        N/A       12%         4
i - Sublimation of Blood  Necr           27%        N/A       1%          2

Your spell library contained the following spells:

 Spells                   Type           Power      Damage    Failure   Level
 Freeze                   Ice            100%       1d10      1%          1
 Kiss of Death            Conj/Necr      100%       2d13      1%          1
 Blink                    Tloc           54%        N/A       1%          2
 Cigotuvi's Dreadful Rot  Necr/Alch/Air  54%        N/A       1%          2
 Lesser Beckoning         Tloc           54%        N/A       1%          2
 Momentum Strike          Conj/Tloc      54%        3d9       1%          2
 Confusing Touch          Hex            27%        N/A       3%          3
 Fugue of the Fallen      Necr           27%        N/A       3%          3
 Ozocubu's Armour         Ice            27%        N/A       3%          3
 Dispel Undead            Necr           27%        3d13      12%         4
 Manifold Assault         Tloc           27%        N/A       12%         4
 Freezing Cloud           Conj/Ice/Air   13%        6-21      32%         5
 Irradiate                Conj/Alch      13%        3d16      32%         5
 Summon Mana Viper        Hex/Summ       27%        N/A       32%         5
 Plasma Beam              Fire/Air       15%        2x1d27    75%         6
 Starburst                Conj/Fire      15%        6d6       75%         6
 Conjure Ball Lightning   Conj/Air       13%        3x3d6     87%         6
 Sculpt Simulacrum        Ice/Alch       13%        N/A       87%         6
 Monstrous Menagerie      Summ           13%        N/A       100%        7
 Ozocubu's Refrigeration  Ice            13%        4d10      100%        7
 Discord                  Hex            13%        N/A       100%        8
 Disjunction              Tloc           13%        N/A       100%        8
 Polar Vortex             Ice            13%        12d1*     100%        9


Dungeon Overview and Level Annotations

Branches:
Dungeon (12/15)            Temple (0/1) D:7            Lair (0/5) D:10
    Orc (0/2) D:12

Altars:
Ashenzari
Cheibriados
Dithmenos
Elyvilon
Fedhas
Kikubaaqudgha
Makhleb
Nemelex Xobeh
Qazlal
Sif Muna
Trog
Uskayaw
Xom
Yredelemnul
Zin

Shops:
D:4 ?   D:12 (

Annotations:
D:10 1 runed translucent door, Zhilex's ghost, journeyman DrSh


Innate Abilities, Weirdness & Mutations

You have very sharp teeth.
Your uncanny sense of smell can sniff out nearby items.
Your experience applies equally to all skills.
You are very clumsy. (Dex -4)


Message History

Press: ? - help, v - describe, . - travel The floor, spattered with blood.
Unknown command.
Press: ? - help, v - describe, . - travel The floor, spattered with blood.
Unknown command.
Unknown command.
Press: ? - help, v - describe, . - travel
Here: a skeletal warrior, wielding a +0 halberd (moderately damaged, more vulnerable to fire, ally target)
The floor.
Unknown command.
A protective cloak of flame settles atop you.
The skeletal warrior resists.
The wall freezes the skeletal warrior.
You block the skeletal warrior's attack.
Your ice beast hits the skeletal warrior but does no damage.
Casting: Scorch (safe; 1% risk of failure)
Confirm with . or Enter, or press ? or * to list all spells.
Flames lash the skeletal warrior but do no damage.
The skeletal warrior resists.
The wall freezes the skeletal warrior.
The skeletal warrior hits you from afar with a +0 halberd!
* * * LOW HITPOINT WARNING * * *
Your ice beast hits the skeletal warrior but does no damage.
Unknown command.
Aim the phial where?
Press: ? - help, Q - select action, (/) - cycle Shift-Dir - straight line, f - skeletal warrior
Aim: a skeletal warrior, wielding a +0 halberd (heavily damaged, more vulnerable to fire, ally target, 74% to hit)
The torrent of water hits your ice beast!
Your ice beast is heavily wounded.
Your ice beast is knocked back by the torrent of water.
Your ice beast collides with the skeletal warrior!
The skeletal warrior is heavily damaged.
Your ice beast is severely wounded.
The wave splashes down.
Splash!
You fall into the shallow water.
Moving in this stuff is going to be slow.
Your ice beast disappears in a puff of smoke!
The skeletal warrior resists.
The wall freezes the skeletal warrior.
The skeletal warrior hits you from afar with a +0 halberd!
You die...

######## ######## #...~~@#
#.......
#.####ยง#########.###### #.
#.~z<...#.....# #..
.##.##~#~###.#.##..####.#
.(...#.#.....#.##........
#.....#..#.#........#
#######..##.#..#.#..#######
......#.....#..#.#.........
## ####
#.....#..#..#.#.....####


You could see a skeletal warrior (combustible).

Vanquished Creatures
  5 two-headed ogres
  Pikel (D:4)
  2 ugly things
  2 cyclopes
  Maggie (D:8)
  2 unseen horrors
  2 kobold demonologists (D:9)
  3 trolls
  Psyche (D:8)
  Grinder (D:4)
  2 hornets
  2 slime creatures (D:12)
  Sigmund (D:3)
  A shadow (D:9)
  A fire bat (D:7)
  8 yaks
  3 wraiths
  A basilisk (D:12)
  3 steam dragons
  2 vampire mosquitoes (D:11)
  2 acid dragons (D:11)
  Edmund (D:5)
  A water moccasin (D:6)
  3 black bears
  4 sky beasts
  An elephant zombie (D:7)
  4 orc warriors
  An ice beast (D:5)
  An ogre (D:6)
  2 centaurs
  3 lemures
  The ghost of mainiacjoe the Firebug, an amateur OpFE (D:3)
  7 kobold brigands
  3 bullfrogs
  2 scorpions
  14 killer bees (D:9)
  5 howler monkeys
  6 electric eels (D:10)
  A lava snake (D:10)
  A bombardier beetle (D:5)
  A jelly (D:5)
  3 centaur zombies (D:7)
  A sleepcap (D:6)
  4 orc priests
  A gnoll bouda (D:7)
  7 hounds
  3 iguanas
  Ijyb (D:3)
  3 orc wizards
  3 scorpion zombies (D:7)
  2 hound zombies (D:7)
  Robin (D:4)
  2 howler monkey zombies (D:7)
  12 gnolls
  6 adders
  2 shadow imps
  3 white imps
  4 ufetubi (D:6)
  2 adder zombies (D:7)
  3 dart slugs
  3 ribbon worms
  27 orcs
  5 endoplasms
  2 giant cockroaches
  16 goblins
  4 hobgoblins
  4 quokkas
  8 ball pythons
  5 bats
  19 kobolds
  5 rats
269 creatures vanquished.

Vanquished Creatures (collateral kills)
  Rupert (D:12)
  An orc knight (D:12)
  A kobold demonologist (D:12)
  A hornet (D:9)
  8 yaks
  2 vampire mosquitoes (D:11)
  An acid dragon (D:12)
  A kobold brigand (D:9)
  2 lava snakes (D:10)
  2 kobolds
20 creatures vanquished.

Vanquished Creatures (others)
  A manticore (D:12)
  A kobold brigand (D:9)
  2 killer bee zombies (D:7)
  477 foxfires
481 creatures vanquished.

Grand Total: 770 creatures vanquished

Notes
Turn   | Place    | Note
-------+----------+-------------------------------------------
     0 | D:1      | unlimited1921 the Gnoll Cinder Acolyte began the quest for
                  | the Orb.
     0 | D:1      | Reached XP level 1. HP: 23/23 MP: 4/4
   634 | D:1      | Reached XP level 2. HP: 19/29 MP: 5/5
   886 | D:1      | Learned a level 2 spell: Scorch
  2769 | D:2      | Identified the +3 spear "Beetle's Death Toll" {flame, Will+
                  | Str+5}
  2846 | D:2      | Reached XP level 3. HP: 35/35 MP: 7/7
  2872 | D:2      | Found a faded altar of an unknown god.
  3493 | D:2      | Reached skill level 1 in Invocations
  4047 | D:3      | Reached skill level 1 in Short Blades
  4047 | D:3      | Reached skill level 1 in Long Blades
  4047 | D:3      | Reached skill level 1 in Maces & Flails
  4047 | D:3      | Reached skill level 1 in Polearms
  4047 | D:3      | Reached skill level 1 in Staves
  4047 | D:3      | Reached skill level 1 in Ranged Weapons
  4047 | D:3      | Reached skill level 1 in Throwing
  4047 | D:3      | Reached skill level 1 in Armour
  4047 | D:3      | Reached skill level 1 in Dodging
  4047 | D:3      | Reached skill level 1 in Stealth
  4047 | D:3      | Reached skill level 1 in Shields
  4047 | D:3      | Reached skill level 1 in Unarmed Combat
  4047 | D:3      | Reached skill level 1 in Evocations
  4047 | D:3      | Reached skill level 1 in Shapeshifting
  4047 | D:3      | Reached XP level 4. HP: 15/41 MP: 2/8
  4255 | D:3      | Found a burning altar of Makhleb.
  4255 | D:3      | Noticed a balrug
  4527 | D:3      | Noticed Ijyb
  4532 | D:3      | Killed Ijyb
  4533 | D:3      | Reached skill level 1 in Conjurations
  4533 | D:3      | Reached skill level 1 in Hexes
  4533 | D:3      | Reached skill level 1 in Summonings
  4533 | D:3      | Reached skill level 1 in Necromancy
  4533 | D:3      | Reached skill level 1 in Translocations
  4533 | D:3      | Reached skill level 1 in Ice Magic
  4533 | D:3      | Reached skill level 1 in Air Magic
  4533 | D:3      | Reached skill level 1 in Earth Magic
  4533 | D:3      | Reached skill level 1 in Alchemy
  4839 | D:3      | Noticed Sigmund
  4846 | D:3      | Killed Sigmund
  4847 | D:3      | Reached XP level 5. HP: 39/47 MP: 2/10
  4847 | D:3      | Reached XP level 6. HP: 45/53 MP: 2/11
  5264 | D:3      | You fall into a shaft and drop 3 floors!
  5270 | D:6      | Found a white marble altar of Elyvilon.
  5737 | D:6      | Found a basalt altar of Yredelemnul.
  6148 | D:6      | Noticed a water moccasin
  6157 | D:6      | Killed a water moccasin
  6158 | D:6      | Reached XP level 7. HP: 60/60 MP: 3/12
  7044 | D:5      | Entered Level 5 of the Dungeon
  7560 | D:5      | Noticed a steam dragon
  7573 | D:5      | Killed a steam dragon
  7574 | D:5      | Reached XP level 8. HP: 38/67 MP: 2/14
  8093 | D:5      | Noticed Edmund
  8102 | D:5      | Killed Edmund
 10553 | D:4      | Found a stormy altar of Qazlal.
 10832 | D:4      | Learned a level 1 spell: Foxfire
 10835 | D:4      | Learned a level 2 spell: Blink
 10975 | D:4      | Found a shimmering blue altar of Sif Muna.
 11067 | D:4      | Noticed Robin
 11074 | D:4      | Killed Robin
 11585 | D:4      | Noticed Pikel
 11919 | D:3      | Noticed a ynoxinul
 11965 | D:3      | Found a runed translucent door.
 11968 | D:3      | Noticed mainiacjoe's ghost (amateur OpFE)
 11989 | D:3      | Found a hide-covered altar of Uskayaw.
 12249 | D:3      | Killed mainiacjoe's ghost
 12250 | D:3      | Reached XP level 9. HP: 51/73 MP: 13/16
 12509 | D:4      | Noticed Grinder
 12522 | D:4      | Killed Grinder
 12523 | D:4      | Reached skill level 5 in Spellcasting
 13869 | D:4      | Found a sparkling altar of Nemelex Xobeh.
 14112 | D:4      | Found Koukha Ileff's Magic Scroll Shop.
 14120 | D:4      | Bought a scroll of identify for 22 gold pieces
 14120 | D:4      | Bought a scroll of enchant weapon for 82 gold pieces
 14120 | D:4      | Bought a scroll of identify for 22 gold pieces
 14120 | D:4      | Bought a scroll of fear for 44 gold pieces
 14120 | D:4      | Bought a scroll of identify for 22 gold pieces
 14120 | D:4      | Bought a scroll of fog for 44 gold pieces
 15008 | D:4      | Killed Pikel
 15205 | D:7      | Reached skill level 5 in Invocations
 15844 | D:7      | Noticed a hornet
 15853 | D:7      | Paralysed by a hornet for 1 turns
 15854 | D:7      | Killed a hornet
 16291 | D:7      | Found a staircase to the Ecumenical Temple.
 16693 | D:7      | Reached skill level 5 in Short Blades
 16693 | D:7      | Reached skill level 5 in Long Blades
 16693 | D:7      | Reached skill level 5 in Maces & Flails
 16693 | D:7      | Reached skill level 5 in Polearms
 16693 | D:7      | Reached skill level 5 in Staves
 16693 | D:7      | Reached skill level 5 in Ranged Weapons
 16693 | D:7      | Reached skill level 5 in Throwing
 16693 | D:7      | Reached skill level 5 in Armour
 16693 | D:7      | Reached skill level 5 in Dodging
 16693 | D:7      | Reached skill level 5 in Stealth
 16693 | D:7      | Reached skill level 5 in Shields
 16693 | D:7      | Reached skill level 5 in Unarmed Combat
 16693 | D:7      | Reached skill level 5 in Evocations
 16693 | D:7      | Reached XP level 10. HP: 81/81 MP: 11/18
 17252 | D:7      | Found an ancient bone altar of Kikubaaqudgha.
 17675 | D:7      | Identified the +5 chain mail "Rulashatey" {rN+}
 17770 | D:7      | Found a broken altar of Ashenzari.
 17863 | D:7      | Learned a level 3 spell: Frozen Ramparts
 17867 | D:7      | Learned a level 3 spell: Summon Ice Beast
 17871 | D:7      | Learned a level 3 spell: Hailstorm
 17917 | D:7      | Found a snail-covered altar of Cheibriados.
 17992 | D:7      | Found a shimmering altar of Xom.
 18204 | D:8      | Found a blossoming altar of Fedhas.
 18233 | D:8      | Noticed Maggie
 18249 | D:8      | HP: 1/82 [Maggie/bolt of acid (17)]
 18250 | D:8      | Killed Maggie
 19044 | D:8      | Noticed Psyche
 19046 | D:8      | Killed Psyche
 19047 | D:8      | Reached skill level 5 in Shapeshifting
 19263 | D:8      | Found a bloodstained altar of Trog.
 19706 | D:9      | Found a glowing silver altar of Zin.
 19717 | D:9      | Noticed a kobold demonologist
 19720 | D:9      | Noticed a kobold demonologist
 19732 | D:9      | Noticed a sun demon
 19732 | D:9      | Killed a kobold demonologist
 19832 | D:9      | Paralysed by a hornet for 2 turns
 19845 | D:9      | Paralysed by a hornet for 3 turns
 19851 | D:9      | Reached skill level 5 in Conjurations
 19851 | D:9      | Reached skill level 5 in Hexes
 19851 | D:9      | Reached skill level 5 in Summonings
 19851 | D:9      | Reached skill level 5 in Necromancy
 19851 | D:9      | Reached skill level 5 in Translocations
 19851 | D:9      | Reached skill level 5 in Ice Magic
 19851 | D:9      | Reached skill level 5 in Air Magic
 19851 | D:9      | Reached skill level 5 in Earth Magic
 19851 | D:9      | Reached skill level 5 in Alchemy
 19851 | D:9      | Reached XP level 11. HP: 40/89 MP: 1/21
 20133 | D:9      | Noticed a two-headed ogre
 20149 | D:9      | Killed a two-headed ogre
 20325 | D:9      | Found a shadowy altar of Dithmenos.
 21046 | D:9      | Noticed a cyan ugly thing
 21057 | D:9      | Killed a cyan ugly thing
 22078 | D:10     | Entered Level 10 of the Dungeon
 22755 | D:10     | Found a runed translucent door.
 22755 | D:10     | Noticed Zhilex's ghost (journeyman DrSh)
 22824 | D:10     | Found a staircase to the Lair.
 23280 | D:10     | HP: 3/89 [centaur/arrow (5)]
 24166 | D:11     | Found a gate leading to a gauntlet.
 24189 | D:11     | Noticed a two-headed ogre
 24200 | D:11     | Killed a two-headed ogre
 24755 | D:11     | Noticed a two-headed ogre
 24763 | D:11     | Killed a two-headed ogre
 24764 | D:11     | Reached XP level 12. HP: 97/97 MP: 18/23
 24794 | D:11     | Noticed a two-headed ogre
 24806 | D:11     | Killed a two-headed ogre
 25771 | D:12     | Noticed a two-headed ogre
 25778 | D:12     | Killed a two-headed ogre
 26260 | D:12     | Learned a level 4 spell: Olgreb's Toxic Radiance
 26265 | D:12     | Learned a level 4 spell: Petrify
 26307 | D:12     | Reached skill level 10 in Fighting
 26307 | D:12     | Reached skill level 10 in Axes
 26307 | D:12     | Gained mutation: You are clumsy. (Dex -2) [potion of
                  | mutation]
 26307 | D:12     | Gained mutation: You are very clumsy. (Dex -4) [potion of
                  | mutation]
 27403 | D:12     | Noticed Rupert
 27416 | D:12     | Killed Rupert
 27598 | D:12     | Found a staircase to the Orcish Mines.
 27603 | D:12     | Found Lolaunem's Weapon Emporium.
 28191 | D:12     | Learned a level 2 spell: Sublimation of Blood
 28362 | D:12     | Learned a level 4 spell: Ignite Poison
 28918 | D:12     | Slain by a skeletal warrior

Illustrated notes

Levels and vault maps discovered:
D:1:      shiori_arrival_oz, layout_basic
D:2:      minmay_inner_zag, layout_rooms, shapermc_ecumenical_altar_gd
D:3:      layout_loops_ring, eat_drink_and_be_merry_uskayaw,
          makhleb_altar_promises_db, ebering_ghost_sewer_d, amethyst_killhole,
          uniq_ijyb, uniq_sigmund
D:4:      layout_gridville, nemelex_spade_bored_becter,
          nicolae_qazlal_beasts_of_the_sky, mainiacjoe_overflow_small_starburst,
          serial_shops, shop, uniq_robin, uniq_grinder, uniq_pikel
D:5:      minmay_spotlight, layout_loops_cross, uniq_crazy_yiuf_cottage,
          uniq_blork_the_orc, uniq_edmund
D:6:      layout_basic, mainiacjoe_overflow_paths, amcnicky_altar_gilded
D:7:      layout_rooms, lemuel_crystal_altar, nicolae_ashenzari_skybound,
          regret_index_xom_of_box, minmay_temple_entry_stoned_glass,
          roadster_capsule_ark_zombie
D:8:      layout_rooms, mainiacjoe_overflow_alcove_1, trog_ov_bears_minmay,
          minmay_door_square, uniq_maggie, uniq_psyche
D:9:      layout_basic, lemuel_crystal_altar, mainiacjoe_overflow_24_doors,
          st_stairs_14
D:10:     layout_basic, lair_entry_dummy, hellmonk_ghost_happy_afterlife,
          kennysheep_cluttered_room
D:11:     layout_cave_pools, gauntlet_entry_generic
D:12:     minmay_opposing_rooms, layout_basic, orc_david_3, uniq_rupert

Skill      XL: |  1  2  3  4  5  6  7  8  9 10 11 12 |
---------------+-------------------------------------+-----
Invocations    | 1 2 3 4 5 6 7 8 |  8.6
Short Blades   | 1 2 3 4 5 6 7 |  7.8
Long Blades    | 1 2 3 4 5 6 7 |  7.8
Maces & Flails | 1 2 3 4 5 6 7 |  7.8
Polearms       | 1 2 3 4 5 6 7 |  7.8
Staves         | 1 2 3 4 5 6 7 |  7.8
Ranged Weapons | 1 2 3 4 5 6 7 |  7.8
Throwing       | 1 2 3 4 5 6 7 |  7.8
Armour         | 1 2 3 4 5 6 7 |  7.8
Dodging        | 1 2 3 4 5 6 7 |  7.8
Stealth        | 1 2 3 4 5 6 7 |  7.8
Shields        | 1 2 3 4 5 6 7 |  7.8
Unarmed Combat | 1 2 3 4 5 6 7 |  7.8
Spellcasting   | 3 4 5 6 7 8 |  8.4
Evocations     | 1 2 3 4 5 6 7 |  7.8
Shapeshifting  | 1 2 3 4 5 6 7 |  7.1
Conjurations   | 1 2 3 4 5 6 |  6.5
Hexes          | 1 2 3 4 5 6 |  6.5
Summonings     | 1 2 3 4 5 6 |  6.5
Necromancy     | 1 2 3 4 5 6 |  6.5
Translocations | 1 2 3 4 5 6 |  6.5
Ice Magic      | 1 2 3 4 5 6 |  6.5
Air Magic      | 1 2 3 4 5 6 |  6.5
Earth Magic    | 1 2 3 4 5 6 |  6.5
Alchemy        | 1 2 3 4 5 6 |  6.5
Fighting       | 7 8 9 10 | 10.3
Axes           | 7 8 9 10 | 10.3
Fire Magic     | 6 7 8 |  8.6

Action                     |  1- 3 |  4- 6 |  7- 9 | 10-12 || total
---------------------------+-------+-------+-------+-------++-------
  Melee: Hand axe          |    36 |       |       |       ||    36
         Bite              |    18 |     1 |     9 |    12 ||    40
         Spear             |   100 |    25 |   106 |   140 ||   371
         Punch             |     5 |       |     5 |     4 ||    14
   Fire: Shortbow          |       |       |       |   130 ||   130
  Throw: Dart              |       |       |     5 |    10 ||    15
   Cast: Scorch            |    17 |    32 |    83 |   133 ||   265
         Foxfire           |       |       |   203 |    64 ||   267
         Blink             |       |       |     1 |       ||     1
         Summon Ice Beast  |       |       |       |    40 ||    40
         Hailstorm         |       |       |       |    14 ||    14
         Frozen Ramparts   |       |       |       |    19 ||    19
         Olgreb's Toxic Ra |       |       |       |    15 ||    15
         Petrify           |       |       |       |     5 ||     5
         Ignite Poison     |       |       |       |     2 ||     2
 Invoke: Fiery Armour      |       |       |       |     1 ||     1
  Evoke: Wand              |       |       |     6 |    23 ||    29
         Phial of floods   |       |       |       |     1 ||     1
    Use: Scroll            |       |     4 |     4 |     9 ||    17
         Potion            |       |       |       |     6 ||     6
   Stab: Sleeping          |     1 |     1 |     1 |     1 ||     4
         Distracted        |       |       |     1 |       ||     1
 Armour: Robe              |    33 |    30 |    42 |       ||   105
         Ring mail         |       |       |    81 |   220 ||   301
  Dodge: Dodged            |    25 |    39 |   113 |   170 ||   347
  Block: Other             |       |       |    15 |    61 ||    76
         Reflection        |       |       |     3 |     9 ||    12
         Tower shield      |       |       |       |    34 ||    34
